 Dungeon Crawl Stone Soup version 0.23.2-33-g5129a83184 (webtiles) character file.

Game seed: 3967099194239081950

415 psyvane the Charlatan (level 6, -2/48 HPs)
             Began as a Demonspawn Artificer on July 14, 2019.
             Slain by a river rat (3 damage)
             ... in a sewer.
             The game lasted 00:17:30 (4331 turns).

psyvane the Charlatan (Demonspawn Artificer)        Turns: 4331, Time: 00:17:31

Health: -2/48      AC: 13    Str: 13 (14) XL:     6   Next: 60%
Magic:  9/9        EV: 10    Int: 12      God:
Gold:   154        SH:  0    Dex: 13 (14) Spells: 5/5 levels left

rFire    + . .     SeeInvis .   a - +0 short sword
rCold    x . .     Gourm    .   (no shield)
rNeg     . . .     Faith    .   q - +0 scale mail
rPois    .         Spirit   .   (no helmet)
rElec    .         Reflect  .   (no cloak)
rCorr    .         Harm     .   (no gloves)
MR       .....                  h - +0 pair of boots
Stlth    ..........             (no amulet)
HPRegen  0.16/turn              m - ring of fire
MPRegen  0.11/turn              (no ring)

@: very slightly contaminated, very slow
A: iridescent scales 3, demonic guardian 1
a: no special abilities


You were in a sewer.
You were not hungry.

You visited 1 branch of the dungeon, and saw 4 of its levels.
You also visited: Sewer.

You collected 154 gold pieces.

Inventory:

Hand Weapons
 a - a +0 short sword (weapon)
 n - a +0 spear
 o - a +0 falchion
 r - the +2 hunting sling of Offence {velocity, rPois rN+ Str-4 Stlth+}
   (You took it off an orc on level 3 of the Dungeon)

   Any stone fired from it inflicts extra damage.
   It affects your strength (-4).
   It protects you from poison.
   It protects you from negative energy.
   It makes you more stealthy.
Armour
 h - a +0 pair of boots (worn)
 q - a +0 scale mail (worn)
 s - a +3 ring mail
Jewellery
 m - a ring of fire (left hand)
Wands
 d - a wand of enslavement (15)
 e - a wand of random effects (10)
Scrolls
 g - a scroll of identify
 i - a scroll of magic mapping
 j - a scroll of teleportation
 k - 2 scrolls of remove curse
Comestibles
 f - 3 rations


   Skills:
 * Level 4.1 Fighting
 - Level 0.8 Short Blades
 * Level 4.3 Dodging
 - Level 0.8 Stealth
 - Level 4.3 Evocations


You had 5 spell levels left.
You didn't know any spells.
Your spell library was empty.

Dungeon Overview and Level Annotations

Branches:
Dungeon (4/15)
 Temple: D:4-7

Altars:
Sif Muna
The Shining One
Beogh

Annotations:
D:3 Statics's ghost, amateur OpTm
D:4 Eustachio


Innate Abilities, Weirdness & Mutations

You are completely covered in iridescent scales. (AC +6)
A weak demonic guardian rushes to your aid.


Message History

* * * LOW HITPOINT WARNING * * *
As you read the scroll labeled VICUCR NOMUY, it crumbles to dust.
The scroll dissolves into smoke.
It was a scroll of fog.
The river rat barely misses you.
You aren't carrying any potions.
Evoke which item? (* to show all) (? for menu, Esc to quit)
Aiming: Throw Flame
Press: ? - help, Shift-Dir - straight line, f - river rat
Aim: a river rat (grey smoke)
The puff of flame hits the river rat.
The river rat is heavily wounded.
The river rat completely misses you.
Evoke which item? (* to show all) (? for menu, Esc to quit)
Aiming: Throw Flame
Press: ? - help, Shift-Dir - straight line, f/p - river rat
Aim: a river rat (grey smoke, heavily wounded)
The puff of flame hits the river rat.
The river rat is severely wounded.
The now-empty wand crumbles to dust.
The river rat bites you.
You die... ######################## #..§†∩.∩......rr@§§≈≈≈≈≈ ########################

You could see 2 river rats.

Vanquished Creatures
  Grinder (D:4)
  An iguana (D:3)
  3 worker ants (D:4)
  3 adders
  2 worms (D:3)
  A dart slug (D:1)
  5 leopard geckos
  10 orcs (D:3)
  4 giant cockroaches
  6 goblins
  4 hobgoblins
  2 jackals (D:1)
  3 bats
  6 frilled lizards
  4 kobolds
  12 rats
67 creatures vanquished.

Vanquished Creatures (collateral kills)
  A howler monkey (D:4)
  A hound (D:4)
  An ooze (D:4)
  A worm (D:4)
  2 giant cockroaches (D:4)
  A quokka (D:4)
  A rat (D:4)
8 creatures vanquished.

Grand Total: 75 creatures vanquished

Notes
Turn   | Place    | Note
-------+----------+-------------------------------------------
     0 | D:1      | psyvane the Demonspawn Artificer began the quest for the
                  | Orb.
     0 | D:1      | Reached XP level 1. HP: 15/15 MP: 3/3
   374 | D:1      | Gained mutation: You are partially covered in iridescent
                  | scales. (AC +2) [demonic ancestry]
   374 | D:1      | Reached XP level 2. HP: 17/21 MP: 4/4
  1072 | D:2      | Found a glowing golden altar of the Shining One.
  1216 | D:2      | Gained mutation: You are mostly covered in iridescent
                  | scales. (AC +4) [demonic ancestry]
  1216 | D:2      | Reached XP level 3. HP: 23/26 MP: 6/6
  2377 | D:3      | HP: 1/26 [iguana (8)]
  2381 | D:3      | Reached XP level 4. HP: 2/33 MP: 7/7
  3112 | D:3      | Found a runed translucent gate.
  3112 | D:3      | Found a runed translucent gate.
  3112 | D:3      | Found a runed translucent gate.
  3115 | D:3      | Noticed Statics's ghost (amateur OpTm)
  3116 | D:3      | Identified the +2 hunting sling of Offence {velocity, rPois
                  | rN+ Str-4 Stlth+}
  3118 | D:3      | Found a roughly hewn altar of Beogh.
  3154 | D:3      | Found a deep blue altar of Sif Muna.
  3654 | D:4      | Gained mutation: A weak demonic guardian rushes to your
                  | aid. [demonic ancestry]
  3654 | D:4      | Reached XP level 5. HP: 10/39 MP: 8/8
  4083 | D:4      | Noticed Grinder
  4100 | D:4      | Paralysed by Grinder for 5 turns
  4144 | D:4      | Killed Grinder
  4144 | D:4      | Gained mutation: You are completely covered in iridescent
                  | scales. (AC +6) [demonic ancestry]
  4144 | D:4      | Reached XP level 6. HP: 12/48 MP: 9/9
  4161 | D:4      | Noticed Eustachio
  4162 | D:4      | Found a glowing drain.
  4310 | Sewer    | Entered a sewer
  4319 | Sewer    | HP: 2/48 [river rat (4)]
  4328 | Sewer    | HP: 1/48 [river rat (3)]
  4331 | Sewer    | Slain by a river rat

Skill      XL: |  1  2  3  4  5 |
---------------+----------------+-----
Evocations     | 4 |  4.3
Dodging        | 2 3 4 |  4.3
Fighting       | 2 4 |  4.1
Short Blades   | |  0.8
Stealth        | |  0.8

Action                   |  1- 3 |  4- 6 || total
-------------------------+-------+-------++-------
Melee: Short sword       |   199 |   167 ||   366
Evoke: Wand              |     6 |    14 ||    20
  Use: Potion            |     3 |     2 ||     5
       Scroll            |       |     8 ||     8
 Stab: Sleeping          |     3 |       ||     3
       Paralysed         |       |     6 ||     6
  Eat: Chunk             |     5 |     3 ||     8
       Ration            |       |     1 ||     1
Armor: Leather armour    |    58 |       ||    58
       Scale mail        |    11 |   101 ||   112
       Skin              |     3 |       ||     3
Dodge: Dodged            |   104 |    92 ||   196
